[Event "CZE-ch Youth B16 2022"]
[Site "Luhacovice"]
[Date "2022.03.16"]
[Round "6.10"]
[White "Mametev, Artem"]
[Black "Simek, Viktor"]
[Result "1/2-1/2"]
[ECO "C45"]
[WhiteElo "1848"]
[BlackElo "1527"]
[Annotator "NA"]
[PlyCount "67"]
[EventDate "2022.03.12"]
[EventType "swiss"]
[EventCountry "CZE"]
[SourceTitle "playchess.com"]
[Source "ChessBase"]
[SourceQuality "1"]
[TimeControl "40/5400+30:1800+30"]

1. e4 e5 2. Nf3 Nc6 3. d4 exd4 4. Nxd4 Bc5 5. Nxc6 Qf6 6. Qd2 dxc6 7. Nc3 Be6 8. Na4 Rd8 9. Bd3 Bd4 10. O-O a6 11. Qa5 Qe5 12. Qxe5 Bxe5 13. Be3 (13. Nc5 $5 ) 13... Nf6 14. h3 O-O 15. Nc5 Bc8 16. f4 Bd4 (16... Bxb2 $15 17. Rab1 Bd4 18. Bxd4 Rxd4) 17. Bxd4 Rxd4 18. Rad1 b6 19. c3 Rdd8 20. Nb3 c5 21. Bc2 Bb7 22. e5 Rxd1 23. Rxd1 Nd5 24. g3 Ne3 25. Rd2 Nxc2 26. Rxc2 Rd8 27. Rd2 Rxd2 28. Nxd2 Kf8 29. Kf2 Ke7 30. Ke3 Bg2 31. h4 Ke6 $11 32. g4 Bh3 33. Kf3 h5 34. gxh5 1/2-1/2

[Event "CZE-ch Youth B16 2022"]
[Site "Luhacovice"]
[Date "2022.03.16"]
[Round "6.11"]
[White "Kubiczek, Michal"]
[Black "Mrazek, Roman"]
[Result "1-0"]
[ECO "D11"]
[WhiteElo "1720"]
[BlackElo "1820"]
[Annotator "NA"]
[PlyCount "51"]
[EventDate "2022.03.12"]
[EventType "swiss"]
[EventCountry "CZE"]
[SourceTitle "playchess.com"]
[Source "ChessBase"]
[SourceQuality "1"]
[TimeControl "40/5400+30:1800+30"]

1. d4 d5 2. c4 c6 3. Nf3 Nf6 4. g3 Bf5 5. Nc3 e6 6. Nh4 Bg4 {[%emt 0:02:32] 6...dxc4 is a critical line.} 7. f3 Bh5 8. Qb3 Qb6 9. g4 Bg6 10. Qxb6 axb6 11. g5 Nfd7 12. cxd5 exd5 13. e4 dxe4 14. fxe4 {[%emt 0:00:14] [#]} Bb4 $146 ({Predecessor:} 14... b5 15. Bg2 Na6 16. Be3 Be7 17. Nxg6 hxg6 18. h4 Nb6 19. d5 Nc4 20. Bd4 Bc5 21. Bxg7 {½-½ (53) Samunenkov,I (2293)-Yurovskich,O (2285) Omelnyk 2021}) 15. Bg2 c5 16. Nxg6 (16. O-O $14) 16... hxg6 17. O-O cxd4 18. Nd5 Bd6 19. Bf4 Ne5 $15 20. Rac1 Nbc6 21. b4 b5 22. Rf2 O-O 23. Rxc6 bxc6 24. Bxe5 Bxe5 25. Ne7+ Kh7 26. Rf3 1-0

[Event "CZE-ch Youth B16 2022"]
[Site "Luhacovice"]
[Date "2022.03.16"]
[Round "6.12"]
[White "Oborny, Stanislav"]
[Black "Zrubek, Adam"]
[Result "1/2-1/2"]
[ECO "B52"]
[WhiteElo "1674"]
[BlackElo "1661"]
[Annotator "NA"]
[PlyCount "84"]
[EventDate "2022.03.12"]
[EventType "swiss"]
[EventCountry "CZE"]
[SourceTitle "playchess.com"]
[Source "ChessBase"]
[SourceQuality "1"]
[TimeControl "40/5400+30:1800+30"]

1. e4 c5 2. Nf3 d6 3. Bb5+ Bd7 4. Bxd7+ Qxd7 5. c4 Nc6 6. d4 cxd4 7. Nxd4 Nf6 8. Nc3 g6 9. f3 Bg7 10. Be3 O-O 11. O-O Rac8 12. b3 a6 13. a4 Qc7 14. Qd2 Rfd8 15. Rfd1 Rd7 16. Rac1 Qd8 17. Nde2 Nb4 18. Nd5 Nbxd5 19. cxd5 Rxc1 20. Rxc1 Rc7 21. Kf2 Qc8 22. Rxc7 Qxc7 23. Qc1 Qxc1 24. Nxc1 Kf8 25. Ke2 e6 26. dxe6 fxe6 27. Kd3 Ke8 28. b4 Nd7 29. f4 Kd8 30. Nb3 Kc7 31. Nd4 Bxd4 32. Bxd4 e5 33. fxe5 dxe5 34. Bc3 Kd6 35. h3 Nf6 36. g4 Ne8 37. Bd2 Nc7 38. Be3 Ne6 39. g5 b5 40. axb5 axb5 41. Ke2 Nd8 42. Kf3 Ne6 1/2-1/2

[Event "CZE-ch Youth B16 2022"]
[Site "Luhacovice"]
[Date "2022.03.17"]
[Round "7.1"]
[White "Smolik, Jachym"]
[Black "Le, Anh Dung"]
[Result "1/2-1/2"]
[ECO "D30"]
[WhiteElo "2277"]
[BlackElo "1998"]
[Annotator "ChessBase"]
[PlyCount "60"]
[EventDate "2022.03.12"]
[EventType "swiss"]
[EventCountry "CZE"]
[SourceTitle "playchess.com"]
[Source "ChessBase"]
[SourceQuality "1"]
[TimeControl "40/5400+30:1800+30"]

1. d4 Nf6 2. Nf3 d5 3. c4 e6 4. Bg5 c6 5. e3 Nbd7 6. Nbd2 Be7 7. Rc1 c5 8. Bd3 O-O 9. O-O b6 10. Qe2 Bb7 11. Bb1 Ne4 12. Bxe7 Qxe7 13. Nxe4 dxe4 14. Nd2 f5 15. Rfd1 e5 16. d5 Qd6 17. Nf1 Nf6 18. Ng3 g6 19. Kh1 Ne8 20. a3 Qf6 21. Rg1 Nd6 22. f3 exf3 23. gxf3 Kh8 24. Rg2 Qh4 25. b3 Rae8 26. Rcg1 Bc8 27. Qb2 Qf6 28. a4 a5 29. Ne2 Bd7 30. Bc2 Re7 1/2-1/2

[Event "CZE-ch Youth B16 2022"]
[Site "Luhacovice"]
[Date "2022.03.17"]
[Round "7.2"]
[White "Winter, Ondrej"]
[Black "Soucek, Petr"]
[Result "0-1"]
[ECO "C50"]
[WhiteElo "2147"]
[BlackElo "2194"]
[Annotator "ChessBase"]
[PlyCount "68"]
[EventDate "2022.03.12"]
[EventType "swiss"]
[EventCountry "CZE"]
[SourceTitle "playchess.com"]
[Source "ChessBase"]
[SourceQuality "1"]
[TimeControl "40/5400+30:1800+30"]

1. e4 e5 2. Nf3 Nc6 3. Bc4 Bc5 4. O-O Nf6 5. d3 O-O 6. Re1 h6 7. c3 d6 8. Nbd2 Be6 9. a4 Ng4 10. Re2 Bxc4 11. Nxc4 d5 12. Ne3 dxe4 13. dxe4 Qxd1+ 14. Nxd1 Rfd8 15. Ne3 Bxe3 16. Bxe3 Na5 17. h3 Nxe3 18. Rxe3 f6 19. Ree1 Rd6 20. Kf1 Rad8 21. Ke2 Nb3 22. Rad1 Nc5 23. Rxd6 Rxd6 24. Nd2 Nxa4 25. Ra1 Ra6 26. Nb3 Kf7 27. Kd2 Nxb2 28. Rxa6 bxa6 29. Kc2 Na4 30. c4 Ke6 31. f3 Kd6 32. Na5 Nc5 33. Kc3 c6 34. Kc2 Kc7 0-1

[Event "CZE-ch Youth B16 2022"]
[Site "Luhacovice"]
[Date "2022.03.17"]
[Round "7.3"]
[White "Dolensky, Filip"]
[Black "Hak, David"]
[Result "1/2-1/2"]
[ECO "B40"]
[WhiteElo "2021"]
[BlackElo "2132"]
[Annotator "NA"]
[PlyCount "56"]
[EventDate "2022.03.12"]
[EventType "swiss"]
[EventCountry "CZE"]
[SourceTitle "playchess.com"]
[Source "ChessBase"]
[SourceQuality "1"]
[TimeControl "40/5400+30:1800+30"]

1. e4 c5 2. Nf3 e6 3. c3 d5 4. exd5 exd5 5. d4 Nf6 6. Bb5+ Bd7 7. Bxd7+ Nbxd7 8. O-O Be7 9. dxc5 Nxc5 10. Be3 O-O 11. Nbd2 Nfe4 12. Nb3 $14 Ne6 13. Nbd4 Bd6 14. Nf5 Kh8 15. Nxd6 Qxd6 16. Qb3 f5 17. Rad1 Nc7 18. Bd4 Rfe8 19. c4 dxc4 20. Qxc4 Qe7 21. Ne5 Ne6 22. Be3 Rac8 23. Qb3 N6c5 24. Nf7+ Kg8 25. Nh6+ Kh8 26. Nf7+ Kg8 27. Nh6+ Kh8 28. Nf7+ Kg8 1/2-1/2

[Event "CZE-ch Youth B16 2022"]
[Site "Luhacovice"]
[Date "2022.03.17"]
[Round "7.4"]
[White "Paseka, Matyas"]
[Black "Stejskal, Michal"]
[Result "1/2-1/2"]
[ECO "C05"]
[WhiteElo "2058"]
[BlackElo "1857"]
[Annotator "NA"]
[PlyCount "61"]
[EventDate "2022.03.12"]
[EventType "swiss"]
[EventCountry "CZE"]
[SourceTitle "playchess.com"]
[Source "ChessBase"]
[SourceQuality "1"]
[TimeControl "40/5400+30:1800+30"]

1. e4 e6 2. d4 d5 3. Nd2 Nf6 4. e5 Nfd7 5. Bd3 c5 6. c3 b6 7. Ne2 Ba6 8. Bxa6 Nxa6 9. a3 Nc7 10. O-O Be7 11. f4 f5 $11 12. Nf3 O-O 13. Be3 Qe8 14. h3 h6 15. Qd2 b5 16. Rfc1 Nb6 17. b3 c4 18. b4 a5 19. Kf2 axb4 20. axb4 Ra4 21. Ne1 g5 22. g3 Qh5 23. Kg2 g4 24. h4 Rfa8 25. Nc2 R8a7 26. Bf2 Qe8 27. Qd1 Qa8 28. Be1 Kf7 29. Kf2 Ke8 30. Rcb1 Kd7 31. Ke3 1/2-1/2

[Event "CZE-ch Youth B16 2022"]
[Site "Luhacovice"]
[Date "2022.03.17"]
[Round "7.5"]
[White "Janous, Marek"]
[Black "Jirasko, Miroslav"]
[Result "1-0"]
[ECO "B52"]
[WhiteElo "2056"]
[BlackElo "1933"]
[Annotator "ChessBase"]
[PlyCount "79"]
[EventDate "2022.03.12"]
[EventType "swiss"]
[EventCountry "CZE"]
[SourceTitle "playchess.com"]
[Source "ChessBase"]
[SourceQuality "1"]
[TimeControl "40/5400+30:1800+30"]

1. e4 c5 2. Nf3 d6 3. Bb5+ Bd7 4. Bxd7+ Nxd7 5. O-O Ngf6 6. Qe2 Rc8 7. Rd1 e6 8. d4 cxd4 9. Nxd4 a6 10. c4 Be7 11. f3 O-O 12. Be3 d5 13. Nd2 dxe4 14. Nxe4 Nxe4 15. fxe4 Qc7 16. Rac1 Bd6 17. Nf3 Ne5 18. Nd4 Ng6 19. g3 Rce8 20. c5 Bxg3 21. hxg3 Qxg3+ 22. Kf1 f5 23. e5 f4 24. Bf2 Qh3+ 25. Ke1 f3 26. Qe4 Rf4 27. Qe3 Qg4 28. Kd2 Re4 29. Rg1 Rxe3 30. Rxg4 Rxe5 31. Bg3 Rd5 32. Ke3 Ne7 33. Re4 Nf5+ 34. Nxf5 Rxf5 35. Bd6 g5 36. Rf1 Kf7 37. Rxf3 Kg6 38. Rxf5 Kxf5 39. Rb4 g4 40. Rxb7 1-0

[Event "CZE-ch Youth B16 2022"]
[Site "Luhacovice"]
[Date "2022.03.17"]
[Round "7.6"]
[White "Bezdek, Tomas"]
[Black "Vilimek, Vit"]
[Result "0-1"]
[ECO "B18"]
[WhiteElo "1855"]
[BlackElo "1794"]
[Annotator "NA"]
[PlyCount "60"]
[EventDate "2022.03.12"]
[EventType "swiss"]
[EventCountry "CZE"]
[SourceTitle "playchess.com"]
[Source "ChessBase"]
[SourceQuality "1"]
[TimeControl "40/5400+30:1800+30"]

1. e4 c6 2. d4 d5 3. Nc3 dxe4 4. Nxe4 Bf5 5. Ng3 Bg6 6. Nf3 e6 7. Bd3 Bd6 8. Bg5 Nf6 9. Qe2 Nbd7 (9... Bxd3 $11 {should be considered.} 10. Qxd3 Nbd7) 10. Bxg6 $14 hxg6 11. Ne4 Be7 12. Bxf6 Nxf6 13. O-O Qd5 14. Nxf6+ gxf6 15. c4 Qh5 16. d5 g5 17. h3 g4 18. Nd4 gxh3 19. Qxh5 Rxh5 20. dxc6 hxg2 21. Kxg2 bxc6 22. Nxc6 Bc5 23. b4 Kd7 24. b5 Kc7 25. Kf3 Rh4 26. Rac1 Rah8 27. Rc2 Rh2 28. Rg1 R8h5 29. Rg7 Rf5+ 30. Kg3 Bd6+ 0-1

[Event "CZE-ch Youth B16 2022"]
[Site "Luhacovice"]
[Date "2022.03.17"]
[Round "7.7"]
[White "Vaclavik, Jan"]
[Black "Vasinek, Martin"]
[Result "1-0"]
[ECO "B38"]
[WhiteElo "1997"]
[BlackElo "1594"]
[Annotator "ChessBase"]
[PlyCount "73"]
[EventDate "2022.03.12"]
[EventType "swiss"]
[EventCountry "CZE"]
[SourceTitle "playchess.com"]
[Source "ChessBase"]
[SourceQuality "1"]
[TimeControl "40/5400+30:1800+30"]

1. e4 c5 2. Nf3 Nc6 3. d4 cxd4 4. Nxd4 g6 5. c4 Bg7 6. Be3 Nf6 7. Nc3 O-O 8. Be2 e6 9. Nb3 d6 10. O-O Qe7 11. Qd2 Rd8 12. Rad1 b6 13. Bf4 e5 14. Bg5 Be6 15. Qe3 Qf8 16. f4 Rdc8 17. f5 gxf5 18. exf5 Bd7 19. Nd5 Qd8 20. Nd2 Nd4 21. Bxf6 Bxf6 22. Ne4 Bg7 23. f6 Bf8 24. Bd3 Bf5 25. Qg5+ Bg6 26. Ne7+ Bxe7 27. fxe7 Qc7 28. Nf6+ Kh8 29. Bxg6 fxg6 30. Nd5 Qc5 31. Qf6+ Kg8 32. Qf7+ Kh8 33. Kh1 Qxc4 34. Qf8+ Rxf8 35. Rxf8+ Kg7 36. Rxa8 Qe2 37. Ne3 1-0

[Event "CZE-ch Youth B16 2022"]
[Site "Luhacovice"]
[Date "2022.03.17"]
[Round "7.8"]
[White "Kubiczek, Michal"]
[Black "Dedek, Jan"]
[Result "1/2-1/2"]
[ECO "D11"]
[WhiteElo "1720"]
[BlackElo "1963"]
[Annotator "ChessBase"]
[PlyCount "80"]
[EventDate "2022.03.12"]
[EventType "swiss"]
[EventCountry "CZE"]
[SourceTitle "playchess.com"]
[Source "ChessBase"]
[SourceQuality "1"]
[TimeControl "40/5400+30:1800+30"]

1. d4 d5 2. c4 c6 3. Nf3 Nf6 4. g3 dxc4 5. Bg2 b5 6. Ne5 Bb7 7. a4 a6 8. O-O e6 9. b3 cxb3 10. Bb2 Be7 11. Nd2 O-O 12. Nxb3 Nd5 13. Nc5 Qc7 14. Qd2 a5 15. e4 Nb4 16. Rfd1 Rd8 17. Qc3 N8a6 18. Nxb7 Qxb7 19. axb5 Qxb5 20. Bf1 Qb6 21. Nc4 Qb8 22. Nxa5 Bf6 23. e5 Be7 24. Bg2 Qb6 25. Nxc6 Nxc6 26. Qxc6 Qxb2 27. Rxa6 Rxa6 28. Qxa6 Rxd4 29. Qc8+ Bf8 30. Rxd4 Qxd4 31. Qb8 g6 32. Bf1 Kg7 33. Qb5 Bc5 34. Qe2 Qa1 35. Kg2 h5 36. h4 Qd4 37. Kg1 Ba7 38. Kg2 Bb8 39. f4 Ba7 40. Kh3 Qg1 1/2-1/2

[Event "CZE-ch Youth B16 2022"]
[Site "Luhacovice"]
[Date "2022.03.17"]
[Round "7.9"]
[White "Trojan, Matyas"]
[Black "Zezula, Jakub"]
[Result "0-1"]
[ECO "C50"]
[WhiteElo "1582"]
[BlackElo "1891"]
[Annotator "NA"]
[PlyCount "74"]
[EventDate "2022.03.12"]
[EventType "swiss"]
[EventCountry "CZE"]
[SourceTitle "playchess.com"]
[Source "ChessBase"]
[SourceQuality "1"]
[TimeControl "40/5400+30:1800+30"]

1. e4 e5 2. Nf3 Nc6 3. Bc4 Bc5 4. d3 Nf6 5. O-O O-O 6. c3 d5 7. exd5 Nxd5 8. a4 a5 9. Nbd2 Nb6 10. Bb5 Bd6 11. Re1 Bg4 12. h3 Bh5 13. Ne4 f6 14. Ng3 Bf7 15. Bxc6 bxc6 16. Nf5 Re8 17. N3h4 Bf8 18. Re3 Kh8 $17 19. Rg3 Qd7 20. Ne3 Rad8 21. Qf3 Qxd3 22. Qxc6 Qd6 23. Qxd6 Rxd6 24. Nf3 c5 25. Kf1 Red8 26. Ke2 Nc4 27. Rg4 Nxe3 28. Bxe3 h5 29. Re4 Bg6 30. Rh4 Rb6 31. Bc1 Kg8 32. g4 Bd3+ 33. Ke3 c4 34. g5 Bc5+ 35. Kd2 Bxf2 36. Rxh5 e4 37. gxf6 exf3 0-1

[Event "CZE-ch Youth B16 2022"]
[Site "Luhacovice"]
[Date "2022.03.17"]
[Round "7.10"]
[White "Pelc, Adam"]
[Black "Mametev, Artem"]
[Result "1/2-1/2"]
[ECO "B70"]
[WhiteElo "1811"]
[BlackElo "1848"]
[Annotator "NA"]
[PlyCount "95"]
[EventDate "2022.03.12"]
[EventType "swiss"]
[EventCountry "CZE"]
[SourceTitle "playchess.com"]
[Source "ChessBase"]
[SourceQuality "1"]
[TimeControl "40/5400+30:1800+30"]

1. e4 c5 2. Nf3 d6 3. d4 cxd4 4. Nxd4 Nf6 5. Nc3 g6 6. Bc4 Bg7 7. Be3 Ng4 8. Bb5+ Kf8 9. O-O Nxe3 10. fxe3 e6 11. Bc4 Qe7 {[%emt 0:01:53] [#]} 12. Ndb5 (12. Ncb5 $1 $16 Kg8 13. Nxd6 Qxd6 {[#]} 14. Nxe6 $1) 12... Be5 13. Qf3 Nc6 14. Rad1 Bd7 15. Nxd6 Bxd6 16. Rxd6 Ne5 17. Qd1 Kg7 18. Qd4 f6 {[%emt 0:00:11] [#]} 19. Rd1 $14 (19. Bb3 $1 $16) 19... Rhc8 20. Bb3 Rc6 21. Nb5 Rxd6 22. Qxd6 Qxd6 23. Nxd6 b6 24. Nc4 Bc6 25. Nxe5 fxe5 26. Rd6 Bxe4 27. Rxe6 Rd8 28. Rxe5 Rd1+ 29. Kf2 Bxc2 30. Bxc2 Rd2+ 31. Kf3 Kf6 32. Re8 Rxc2 33. Ra8 a5 34. b3 Rxa2 35. Ra6 Ke5 36. Rxb6 a4 37. bxa4 Rxa4 38. Rb5+ Kf6 39. g4 h6 40. h4 Ra1 41. g5+ hxg5 42. hxg5+ Kf7 43. Kf4 Rf1+ 44. Ke4 Rg1 45. Rb7+ Ke6 46. Rb6+ Kf7 47. Kf4 Rf1+ 48. Ke4 1/2-1/2

[Event "CZE-ch Youth B16 2022"]
[Site "Luhacovice"]
[Date "2022.03.17"]
[Round "7.11"]
[White "Simek, Viktor"]
[Black "Oborny, Stanislav"]
[Result "0-1"]
[ECO "C44"]
[WhiteElo "1527"]
[BlackElo "1674"]
[Annotator "NA RC"]
[PlyCount "146"]
[EventDate "2022.03.12"]
[EventType "swiss"]
[EventCountry "CZE"]
[SourceTitle "playchess.com"]
[Source "ChessBase"]
[SourceQuality "1"]
[TimeControl "40/5400+30:1800+30"]

1. e4 e5 2. Nf3 Nc6 3. c3 Nf6 4. d4 exd4 5. e5 Nd5 6. cxd4 d6 7. Qb3 Nb6 8. Bb5 Bd7 9. O-O Be7 10. exd6 cxd6 11. Re1 O-O 12. Bf4 Be6 13. Qd3 Nd5 14. Bg3 Rc8 15. Nc3 Bf6 16. Ne4 Ncb4 17. Qd1 Nc2 18. Bxd6 Nxe1 19. Nxe1 Be7 20. Be5 Nf6 21. Bd3 Nxe4 22. Bxe4 Qd7 23. Qf3 b6 24. Bb7 Rc4 25. b3 Rxd4 26. Bxd4 Qxd4 27. Rd1 Qb2 28. Bd5 Qxa2 29. h3 Bxd5 30. Qxd5 h6 31. Qf3 Re8 32. Qc6 Rf8 33. Qf3 Bf6 34. g3 Rc8 35. Qb7 Re8 36. Qc6 Qe2 37. Rc1 Re6 38. Qf3 Qd2 39. Qd1 Bg5 40. Rc8+ Kh7 41. Qxd2 Bxd2 42. Nf3 Bb4 43. Nd4 Re1+ 44. Kg2 Bc5 45. Nc6 Re2 46. b4 Rxf2+ 47. Kg1 Be3 48. Re8 Rc2+ 49. Rxe3 Rxc6 50. Re7 a5 51. bxa5 bxa5 52. Rxf7 Rc2 53. Ra7 Ra2 54. Ra6 a4 55. Kf1 a3 56. h4 h5 57. Ke1 Kg8 58. Kd1 Ra1+ 59. Kc2 a2 60. Kb2 Rg1 61. Kxa2 Rxg3 62. Ra5 g6 63. Kb2 Rg4 64. Ra6 Kh7 65. Ra7+ Kh6 66. Kc2 Rxh4 67. Kd2 Re4 68. Ra8 h4 69. Kd3 Re6 70. Ra5 h3 71. Ra8 Kg5 72. Ra5+ Kg4 73. Ra4+ Kg3 0-1

[Event "CZE-ch Youth B16 2022"]
[Site "Luhacovice"]
[Date "2022.03.17"]
[Round "7.12"]
[White "Mrazek, Roman"]
[Black "Zrubek, Adam"]
[Result "1/2-1/2"]
[ECO "B52"]
[WhiteElo "1820"]
[BlackElo "1661"]
[Annotator "NA"]
[PlyCount "67"]
[EventDate "2022.03.12"]
[EventType "swiss"]
[EventCountry "CZE"]
[SourceTitle "playchess.com"]
[Source "ChessBase"]
[SourceQuality "1"]
[TimeControl "40/5400+30:1800+30"]

1. e4 c5 2. Nf3 d6 3. Bb5+ Bd7 4. Bxd7+ Qxd7 5. c4 Nc6 6. d4 cxd4 7. Nxd4 Nf6 8. Nc3 g6 9. h3 Bg7 10. Be3 O-O 11. O-O Rac8 12. b3 Rfd8 13. Rc1 a6 14. Qd3 Nb4 15. Qe2 $14 Nc6 16. Rfd1 Qe8 17. Kh1 Nh5 18. Nd5 Nf6 19. Nb6 Rb8 20. Qc2 Nb4 21. Qd2 Nc6 22. f3 Ne5 23. b4 Ned7 24. Nd5 Nxd5 25. cxd5 Rdc8 26. Nb3 Ne5 27. Na5 Qd7 28. f4 b6 29. Rxc8+ Rxc8 30. Bxb6 Nc4 31. Nxc4 Rxc4 32. e5 dxe5 33. fxe5 Bxe5 34. Bc5 1/2-1/2

[Event "CZE-ch Youth B16 2022"]
[Site "Luhacovice"]
[Date "2022.03.18"]
[Round "8.1"]
[White "Hak, David"]
[Black "Smolik, Jachym"]
[Result "1-0"]
[ECO "B10"]
[WhiteElo "2132"]
[BlackElo "2277"]
[Annotator "ChessBase"]
[PlyCount "57"]
[EventDate "2022.03.12"]
[EventType "swiss"]
[EventCountry "CZE"]
[SourceTitle "playchess.com"]
[Source "ChessBase"]
[SourceQuality "1"]
[TimeControl "40/5400+30:1800+30"]

1. e4 c6 2. Nc3 d5 3. Nf3 dxe4 4. Nxe4 Nf6 5. Nxf6+ exf6 6. d4 Bd6 7. Bd3 O-O 8. O-O Bg4 9. Be3 Nd7 10. c4 Re8 11. h3 Bh5 12. Bf5 Nf8 13. d5 c5 14. b4 b6 15. bxc5 bxc5 16. Rb1 Nd7 17. Rb7 Nb6 18. Bxh7+ Kf8 19. Ng5 Qc8 20. Qxh5 Qxb7 21. Bf5 Nxc4 22. Qh8+ Ke7 23. Qxg7 Rf8 24. Ne4 Qxd5 25. Qxf6+ Ke8 26. Bg5 Rg8 27. Nxd6+ Qxd6 28. Re1+ Kf8 29. Bh6+ 1-0

[Event "CZE-ch Youth B16 2022"]
[Site "Luhacovice"]
[Date "2022.03.18"]
[Round "8.2"]
[White "Soucek, Petr"]
[Black "Janous, Marek"]
[Result "0-1"]
[ECO "A28"]
[WhiteElo "2194"]
[BlackElo "2056"]
[Annotator "ChessBase"]
[PlyCount "99"]
[EventDate "2022.03.12"]
[EventType "swiss"]
[EventCountry "CZE"]
[SourceTitle "playchess.com"]
[Source "ChessBase"]
[SourceQuality "1"]
[TimeControl "40/5400+30:1800+30"]

1. c4 e5 2. Nc3 Nf6 3. Nf3 Nc6 4. e3 d5 5. cxd5 Nxd5 6. Bb5 Nxc3 7. bxc3 Bd6 8. d4 exd4 9. cxd4 O-O 10. O-O Bg4 11. h3 Bh5 12. Be2 Qe7 13. Re1 Rfe8 14. Bb2 Rad8 15. Qb3 Bg6 16. a3 Be4 17. Kf1 Na5 18. Qc3 b6 19. Nd2 Bb7 20. Bf3 Bxf3 21. Nxf3 Qe4 22. a4 Qc6 23. Qxc6 Nxc6 24. Ba3 Nb4 25. Bxb4 Bxb4 26. Rec1 c5 27. Ke2 cxd4 28. Rc7 dxe3 29. fxe3 f5 30. Rd1 Rxd1 31. Kxd1 a5 32. Nd4 g6 33. Nc2 Bc5 34. Kd2 Re4 35. Kd3 Rxa4 36. Nd4 Ra3+ 37. Kc4 Rxe3 38. Nf3 a4 39. Kd5 a3 40. Ra7 Rd3+ 41. Ke6 b5 42. Ra5 Rd6+ 43. Ke5 Rb6 44. Kd5 Bf8 45. Ne5 b4 46. Kc4 b3 47. Nd7 b2 48. Ra7 b1=Q 49. Nf6+ Rxf6 50. Kd4 0-1

[Event "CZE-ch Youth B16 2022"]
[Site "Luhacovice"]
[Date "2022.03.18"]
[Round "8.3"]
[White "Vilimek, Vit"]
[Black "Dolensky, Filip"]
[Result "0-1"]
[ECO "B07"]
[WhiteElo "1794"]
[BlackElo "2021"]
[Annotator "NA"]
[PlyCount "62"]
[EventDate "2022.03.12"]
[EventType "swiss"]
[EventCountry "CZE"]
[SourceTitle "playchess.com"]
[Source "ChessBase"]
[SourceQuality "1"]
[TimeControl "40/5400+30:1800+30"]

1. e4 d6 2. d4 Nf6 3. Nc3 Nbd7 4. f4 e5 5. Nf3 exd4 6. Nxd4 g6 7. h3 Bg7 8. Be3 O-O 9. Qf3 $1 Re8 10. O-O-O Qe7 (10... a6 $11) 11. Ndb5 Nb8 12. e5 dxe5 13. fxe5 $18 Nh5 14. Bc4 Nc6 15. Bc5 Qg5+ 16. Be3 Qe7 17. Nd5 Qxe5 18. c3 Bf5 19. Rhf1 Ng3 20. Bf4 Ne2+ 21. Qxe2 Qxe2 22. Bxe2 Rxe2 23. Ne3 Be4 24. Nxc7 Rc8 25. Rd2 Rxe3 26. Bxe3 Rxc7 27. Re1 Re7 28. Bc5 Re8 29. Be3 Bf5 30. g4 Bh6 31. gxf5 Rxe3 0-1

[Event "CZE-ch Youth B16 2022"]
[Site "Luhacovice"]
[Date "2022.03.18"]
[Round "8.4"]
[White "Le, Anh Dung"]
[Black "Stejskal, Michal"]
[Result "1/2-1/2"]
[ECO "B32"]
[WhiteElo "1998"]
[BlackElo "1857"]
[Annotator "NA"]
[PlyCount "58"]
[EventDate "2022.03.12"]
[EventType "swiss"]
[EventCountry "CZE"]
[SourceTitle "playchess.com"]
[Source "ChessBase"]
[SourceQuality "1"]
[TimeControl "40/5400+30:1800+30"]

1. e4 c5 2. Nf3 Nc6 3. d4 cxd4 4. Nxd4 e5 5. Nb3 Nf6 6. Nc3 Bb4 7. Bc4 O-O 8. O-O Bxc3 9. bxc3 Nxe4 10. Qd3 Nf6 11. Ba3 d5 12. Bxf8 dxc4 13. Qxd8 Nxd8 14. Be7 cxb3 15. Bxd8 bxc2 16. Bxf6 gxf6 17. f4 Bd7 18. Rac1 {[%emt 0:12:34] [#]} ({White should try} 18. Rfe1) 18... Ba4 $1 19. Rfe1 Rc8 20. fxe5 fxe5 21. Re4 {[%emt 0:10:10] [#]} Rd8 $1 22. Rxe5 Rd1+ 23. Re1 {[%emt 0:00:27] [#]} Kg7 (23... Rd2 $1 $17 24. Re5 f6) 24. Kf2 Kf6 25. h3 Kf5 $15 26. Ra1 Kf4 27. h4 Kf5 28. g3 a5 29. Rc1 b5 1/2-1/2

[Event "CZE-ch Youth B16 2022"]
[Site "Luhacovice"]
[Date "2022.03.18"]
[Round "8.5"]
[White "Paseka, Matyas"]
[Black "Winter, Ondrej"]
[Result "1/2-1/2"]
[ECO "B32"]
[WhiteElo "2058"]
[BlackElo "2147"]
[Annotator "NA"]
[PlyCount "119"]
[EventDate "2022.03.12"]
[EventType "swiss"]
[EventCountry "CZE"]
[SourceTitle "playchess.com"]
[Source "ChessBase"]
[SourceQuality "1"]
[TimeControl "40/5400+30:1800+30"]

1. e4 c5 2. Nf3 Nc6 3. d4 cxd4 4. Nxd4 g6 5. Be2 Bg7 6. Nb3 Nf6 7. Nc3 O-O 8. O-O d6 9. Re1 Be6 10. Bg5 Rc8 11. Bf1 Ne5 12. Nd5 Bxd5 13. exd5 Re8 14. c3 Nc4 15. Bxc4 Rxc4 16. Qd3 Qc8 17. Nd2 Rc5 18. Bxf6 Bxf6 19. Ne4 Rc7 (19... Ra5 $1 $11) 20. Qb5 Rd7 21. Nxf6+ exf6 22. Re2 Rde7 $11 23. Rae1 Rxe2 24. Rxe2 Rxe2 25. Qxe2 Qf5 26. Qd1 Qe4 27. b3 f5 28. c4 f4 29. c5 Qb4 30. cxd6 Qxd6 31. Qd4 Kf8 32. g3 fxg3 33. hxg3 a6 34. b4 h5 35. a4 Ke7 36. Kf1 Qf6 37. Qa7 Qa1+ 38. Kg2 Qxa4 39. Qxb7+ Qd7 40. Qxa6 Qxd5+ 41. Kh2 Qd4 42. Qb7+ Ke8 43. Kg2 h4 44. Qb5+ Kf8 45. Qb8+ Kg7 46. Qf4 Qd5+ 47. Kh2 hxg3+ 48. Kxg3 Qd3+ 49. Kh2 Qe2 50. Qd4+ Kg8 51. Kg2 Kh7 52. Kg3 Kg8 53. Qc5 Qd3+ 54. Kf4 f6 55. b5 g5+ 56. Kg4 Qe4+ 57. Kh5 Qh7+ 58. Kg4 Qe4+ 59. f4 Kf7 60. Qf2 1/2-1/2

[Event "CZE-ch Youth B16 2022"]
[Site "Luhacovice"]
[Date "2022.03.18"]
[Round "8.6"]
[White "Jirasko, Miroslav"]
[Black "Vaclavik, Jan"]
[Result "1-0"]
[ECO "A21"]
[WhiteElo "1933"]
[BlackElo "1997"]
[Annotator "NA"]
[PlyCount "49"]
[EventDate "2022.03.12"]
[EventType "swiss"]
[EventCountry "CZE"]
[SourceTitle "playchess.com"]
[Source "ChessBase"]
[SourceQuality "1"]
[TimeControl "40/5400+30:1800+30"]

1. c4 e5 2. Nc3 d6 3. d4 Be7 4. dxe5 dxe5 5. Qxd8+ Bxd8 6. b3 Bf5 7. g3 c6 8. Bg2 Nd7 9. Bb2 Bc7 10. Nf3 Nh6 11. O-O O-O 12. Ng5 Rad8 13. Nge4 Bxe4 14. Nxe4 f5 15. Ng5 Rfe8 16. e4 Nc5 17. exf5 Nxf5 18. Ne4 $14 Bb6 19. Rad1 Nd4 20. Nxc5 Bxc5 21. Be4 Rf8 22. Kg2 Rd6 23. f4 exf4 24. b4 f3+ 25. Kh1 1-0

[Event "CZE-ch Youth B16 2022"]
[Site "Luhacovice"]
[Date "2022.03.18"]
[Round "8.7"]
[White "Zezula, Jakub"]
[Black "Kubiczek, Michal"]
[Result "1-0"]
[ECO "C96"]
[WhiteElo "1891"]
[BlackElo "1720"]
[Annotator "NA"]
[PlyCount "51"]
[EventDate "2022.03.12"]
[EventType "swiss"]
[EventCountry "CZE"]
[SourceTitle "playchess.com"]
[Source "ChessBase"]
[SourceQuality "1"]
[TimeControl "40/5400+30:1800+30"]

1. e4 e5 2. Nf3 Nc6 3. Bb5 a6 4. Ba4 Nf6 5. O-O Be7 6. Re1 b5 7. Bb3 O-O 8. h3 d6 9. c3 Na5 10. Bc2 c5 11. d4 cxd4 12. cxd4 Nc6 13. Nc3 Nxd4 14. Nxd4 exd4 15. Qxd4 Bb7 16. Bf4 Rc8 17. Rac1 Rc4 18. Qd3 Qa8 (18... d5 $14) 19. Bg5 ({Much weaker is} 19. Bxd6 $6 Rd8 20. Qxc4 (20. Bxe7 Rxd3 21. Bxd3 Rc6 $11) (20. e5 Bxd6 21. exd6 Bxg2 $14) 20... bxc4 $11) 19... h6 $18 (19... Rd8 $16) 20. Bxf6 Bxf6 21. e5 g6 22. exf6 Bxg2 23. Qg3 Rc5 24. h4 Bh1 25. Bxg6 Kh8 26. Bh7 1-0